 Dungeon Crawl Stone Soup version 0.31-a0-1589-g8f5e8aebd6 (webtiles) character file.

Game seed: 2687837744240125178

107 Fodor the Covered (level 4, -2/37 HPs)
             Began as a Barachi Fighter on Jan 5, 2024.
             Incinerated by a bombardier beetle (4 damage)
             ... with a burning spray
             ... on level 3 of the Dungeon.
             The game lasted 00:12:03 (1540 turns).

Fodor the Covered (Barachi Fighter)                 Turns: 1540, Time: 00:12:04

Health: -2/37      AC: 10    Str: 17    XL:     4   Next: 85%
Magic:  4/4        EV:  9    Int: 11    God:
Gold:   111        SH:  4    Dex: 11    Spells: 2/3 levels left

rFire   . . .        a - +0 war axe
rCold   . . .        c - +0 buckler
rNeg    . . .        e - +3 scale mail
rPois   .            (no helmet)
rElec   .            (no cloak)
rCorr   .            (no gloves)
SInv    .            (no boots)
Will    .....        (no amulet) Stlth
                     (no ring)
HPRegen 0.26/turn    (no ring)
MPRegen 0.09/turn

%: no passive effects
@: on fire, glowing, slow
A: amphibious, slowness 1, strong legs 1, +LOS
a: Hop


You were on level 3 of the Dungeon.
You visited 1 branch of the dungeon, and saw 3 of its levels.

You collected 131 gold pieces.
You spent 20 gold pieces at shops.

Inventory:

Hand Weapons
 a - a +0 war axe (weapon)
Armour
 c - a +0 buckler (worn)
 e - a +3 scale mail (worn)
 j - the +1 robe of Kijat {Dex+3}
   (You found it on level 2 of the Dungeon)

   Dex+3:     It affects your dexterity (+3).
Scrolls
 b - a scroll of enchant weapon
 f - a scroll of acquirement {unknown}
 g - 2 scrolls of teleportation {unknown}
 h - 2 scrolls of amnesia {unknown}
 i - a scroll of revelation {unknown}
Potions
 d - a potion of might
 k - a potion of lignification {unknown}
 l - 2 potions of degeneration {unknown}


   Skills:
 + Level 4.1 Fighting
 + Level 3.5 Axes
 + Level 4.3 Armour
 + Level 1.8 Dodging
 + Level 3.7 Shields


You had 2 spell levels left.
You knew the following spells:

 Your Spells              Type           Power      Damage    Failure   Level
a - Magic Dart            Conj           0%         1d3       82%         1

Your spell library contained the following spells:

 Spells                   Type           Power      Damage    Failure   Level
 Blink                    Tloc           0%         N/A       91%         2
 Call Imp                 Summ           0%         N/A       91%         2


Dungeon Overview and Level Annotations

Branches:
Dungeon (3/15)

Altars:

Shops:
D:1 ?


Innate Abilities, Weirdness & Mutations

You are amphibious.
You cover ground slowly.
You can hop short distances.
You have an extended range of vision and can be seen from far away.


Message History

The bombardier beetle sprays incendiary fluid at you.
The burning spray hits you.
You are covered in liquid fire!
You shake off some of the fire as you move.
The liquid fire burns you!
Found a stone staircase leading down.
You shake off some of the fire as you move.
The liquid fire burns you!
You block the bombardier beetle's attack.
You barely miss the bombardier beetle. The liquid fire burns you!
The bombardier beetle bites you but does no damage.
You hit the bombardier beetle.
The bombardier beetle is lightly wounded.
The liquid fire burns you! The bombardier beetle bites you.
You hit the bombardier beetle.
The bombardier beetle is lightly wounded.
The liquid fire burns you!
* * * LOW HITPOINT WARNING * * *
The bombardier beetle sprays incendiary fluid at you.
The burning spray misses you.
You hit the bombardier beetle but do no damage.
The bombardier beetle is lightly wounded.
The liquid fire burns you!
* * * LOW HITPOINT WARNING * * *
You barely miss the bombardier beetle.
The bombardier beetle is lightly wounded.
The bombardier beetle sprays incendiary fluid at you.
The burning spray hits you.
You are covered in liquid fire!
You barely miss the bombardier beetle.
The bombardier beetle is lightly wounded.
The liquid fire burns you!
* * * LOW HITPOINT WARNING * * *
The bombardier beetle barely misses you.
You barely miss the bombardier beetle.
The bombardier beetle is lightly wounded.
The liquid fire burns you!
You die...

#.........#
##.#.#.#.#.#
...........#
#.#.#.#.#.#
#.........#
.#.#.#.#.#.#
...........#
...#.#.#.#.######
#......@.....).#
#.....B#######)#
###...> #.#
...#### #.######
... #.#.)..# ..
#.#.##.# #.#.##.#
#.#<##.#
#.####.##


You could see a bombardier beetle.

Vanquished Creatures
  A bombardier beetle (D:2)
  2 adders (D:2)
  A ribbon worm (D:2)
  2 dart slugs
  3 orcs (D:3)
  3 bats
  2 endoplasms (D:1)
  3 giant cockroaches (D:2)
  2 goblins
  3 hobgoblins
  2 jackals (D:1)
  3 ball pythons (D:2)
  4 frilled lizards (D:1)
  5 kobolds
  4 rats
40 creatures vanquished.

Notes
Turn   | Place    | Note
-------+----------+-------------------------------------------
     0 | D:1      | Fodor the Barachi Fighter began the quest for the Orb.
     0 | D:1      | Reached XP level 1. HP: 18/18 MP: 1/1
    33 | D:1      | Found Guceix's Magic Scroll Emporium.
   155 | D:1      | Reached XP level 2. HP: 25/25 MP: 2/2
   417 | D:1      | Bought a scroll of identify for 20 gold pieces
   713 | D:1      | Learned a level 1 spell: Magic Dart
   819 | D:2      | Reached XP level 3. HP: 25/30 MP: 3/3
   851 | D:2      | Reached skill level 1 in Dodging
   946 | D:2      | Identified the +1 robe of Kijat {Dex+3}
  1194 | D:2      | Reached XP level 4. HP: 30/37 MP: 4/4
  1539 | D:3      | HP: 1/37 [burnt (6)]
  1540 | D:3      | Incinerated by a bombardier beetle

Illustrated notes

Levels and vault maps discovered:
D:1:      psy_arrival_radial01, layout_rooms, serial_shops, shop
D:2:      minmay_spotlight, layout_loops_ring, serial_bayou_lagoon_b
D:3:      layout_basic, mainiacjoe_overflow_boulevard,
          mainiacjoe_overflow_divided_tiny, serial_glass, glass_columns_c,
          glass_columns_a, glass_columns_a, glass_columns_c,
          basic_ecumenical_altar, serial_shops, shop,
          chequers_serial_rivers_micro_e

Skill      XL: |  1  2  3  4 |
---------------+-------------+-----
Armour         | 4 |  4.3
Dodging        | 1 |  1.8
Fighting       | 4 |  4.1
Axes           | 3 |  3.5
Shields        | |  3.7

Action                     |  1- 3 |  4- 6 || total
---------------------------+-------+-------++-------
  Melee: War axe           |   122 |    45 ||   167
   Cast: Magic Dart        |       |     1 ||     1
Ability: Hop               |       |     1 ||     1
    Use: Scroll            |     1 |       ||     1
 Armour: Scale mail        |   122 |    27 ||   149
  Dodge: Dodged            |    57 |    20 ||    77
  Block: Buckler           |    34 |    12 ||    46

Table legend: (Time is in decaauts)
 A = Elapsed time spent in this place.
 B = Non-inter-level travel time spent in this place.
 C = Inter-level travel time spent in this place.
 D = Time resting spent in this place.
 E = Time spent auto-exploring this place.
 F = Levels seen in this place.
 G = Mean time per level.
                   A        B        C        D        E       F      G
               +--------+--------+--------+--------+--------+-----+--------+
         Total |   1864 |   1801 |     63 |     36 |     35 |   3 |  621.3 |
       Dungeon |   1864 |   1801 |     63 |     36 |     35 |   3 |  621.3 |
               +--------+--------+--------+--------+--------+-----+--------+

Top non-repeatable levels by time:
     D:1: 965 daAuts
     D:2: 827 daAuts
     D:3: 71 daAuts
